 Dungeon Crawl Stone Soup version 0.32-a0-686-gc880bc2 (webtiles) character file.

Game seed: 4962201804572196690

11 Toastz the Changeling (level 2, 0/21 HPs)
             Began as a Merfolk Shapeshifter on Mar 12, 2024.
             Slain by a quokka (1 damage)
             ... on level 1 of the Dungeon.
             The game lasted 00:00:40 (148 turns).

Toastz the Changeling (Merfolk Shapeshifter)         Turns: 148, Time: 00:00:40

Health: 0/21       AC:  2    Str: 14    XL:     2   Next: 29%
Magic:  2/2        EV:  2    Int:  9    God:
Gold:   16         SH:  0    Dex: 13    Spells: 1/1 levels left

rFire   . .          .
                       - Unarmed
rCold   . . .        (no shield)
rNeg    . . .        a - +0 animal skin
rPois   .            (helmet currently unavailable)
rElec   .            (cloak currently unavailable)
rCorr   .            (gloves currently unavailable)
SInv    .            (boots currently unavailable)
Will    .....        (no amulet)
Stlth   +            (no ring)
HPRegen 0.23/turn    (no ring)
MPRegen 0.08/turn

%: no passive effects
@: beast-form, constricted
A: beast (slay +2), (nimble swimmer 2), mertail
a: Begin Untransformation


You were on level 1 of the Dungeon.
You were a hulking beast.
You visited 1 branch of the dungeon, and saw 1 of its levels.

You collected 16 gold pieces.

Inventory:

Armour
 a - a +0 animal skin (worn)
Jewellery
 f - a ring of resist corrosion
Talismans
 c - a beast talisman (active)
 d - a flux talisman
Scrolls
 e - 2 scrolls of poison {unknown}
Potions
 b - a potion of lignification


   Skills:
 + Level 1.4 Fighting
 + Level 3.0 Dodging
 + Level 3.4 Unarmed Combat
 * Level 4.3 Shapeshifting


You had one spell level left.
You didn't know any spells.
Your spell library was empty.

Dungeon Overview and Level Annotations

Branches:
Dungeon (1/15)

Altars:


Innate Abilities, Weirdness & Mutations

You are a hulking beast.
Your limbs bulge with bestial killing power. (Slay +2)
((You are very nimble when in or above water. (Stealth+, EV+, Speed+++)))
Your lower body shifts to a powerful aquatic tail in water.


Message History

The ball python bites you. The ball python barely misses you.
You barely miss the ball python.
The ball python is severely wounded.
The ball python barely misses you. x2
A quokka comes into view.
You closely miss the ball python.
The ball python is severely wounded.
The ball python bites you. The ball python barely misses you.
You barely miss the ball python.
The ball python is severely wounded.
The ball python barely misses you. The ball python grabs you.
The ball python constricts you.
You barely miss the ball python. Your punch misses the ball python.
The ball python is severely wounded.
The ball python bites you but does no damage.
The ball python constricts you. The ball python bites you.
The ball python constricts you.
You closely miss the ball python.
The ball python is severely wounded.
The ball python bites you but does no damage.
The ball python constricts you. The endoplasm hits you.
You closely miss the ball python.
The ball python is severely wounded.
The ball python bites you. The ball python constricts you.
The endoplasm hits you.
* * * LOW HITPOINT WARNING * * *
The ball python's grasp on you weakens, but your attempt to escape fails.
The ball python bites you.
* * * LOW HITPOINT WARNING * * *
The ball python constricts you.
The quokka bites you but does no damage.
The endoplasm hits you.
* * * LOW HITPOINT WARNING * * *
The ball python's grasp on you weakens, but your attempt to escape fails.
The ball python bites you.
* * * LOW HITPOINT WARNING * * *
The ball python constricts you.
* * * LOW HITPOINT WARNING * * *
The quokka bites you.
You die...

...###...###....#....#..
................#.......
.)).............#....#
.....................#
...###...###.....)...#
...# #.>.# #.........#
...# #...# #.....#+#.##.
#### ##### #####.r.)...#
#hJ...... #.S#####..
..... ####... #....
#..... #...... #......#


You could see an endoplasm, a quokka and a ball python.

Vanquished Creatures
  A gnoll (D:1)
  A goblin (D:1)
2 creatures vanquished.

Notes
Turn   | Place    | Note
-------+----------+-------------------------------------------
     0 | D:1      | Toastz the Merfolk Shapeshifter began the quest for the
                  | Orb.
     0 | D:1      | Reached XP level 1. HP: 15/15 MP: 1/1
    41 | D:1      | Reached XP level 2. HP: 2/21 MP: 2/2
   148 | D:1      | HP: 1/21 [constriction (1)]
   148 | D:1      | Slain by a quokka

Illustrated notes

Levels and vault maps discovered:
D:1:      minmay_arrival_hallway, layout_basic, minmay_distorted

Skill      XL: |  1  2 |
---------------+-------+-----
Dodging        | 3 |  3.0
Fighting       | |  1.4
Unarmed Combat | |  3.4
Shapeshifting  | |  4.3

Action                     || total
---------------------------++-------
  Melee: Unarmed           ||    17
 Armour: Animal skin       ||    24
  Dodge: Dodged            ||    10

Table legend: (Time is in decaauts)
 A = Elapsed time spent in this place.
 B = Non-inter-level travel time spent in this place.
 C = Inter-level travel time spent in this place.
 D = Time resting spent in this place.
 E = Time spent auto-exploring this place.
 F = Levels seen in this place.
 G = Mean time per level.
                   A        B        C        D        E       F      G
               +--------+--------+--------+--------+--------+-----+--------+
         Total |    147 |    147 |      0 |     55 |     41 |   1 |  147.0 |
       Dungeon |    147 |    147 |      0 |     55 |     41 |   1 |  147.0 |
               +--------+--------+--------+--------+--------+-----+--------+

Top non-repeatable levels by time:
     D:1: 147 daAuts
